Map: [ESL] Cosmic Sapphire

Players

Cham - Winner!

  • Race: Zerg Zerg
  • Spawn Location: 11:00

eGGz

  • Race: Zerg Zerg
  • Spawn Location: 5:00

Event: DreamHack SC2 Masters 2022 Atlanta (Online)

VOD

Have the link to the VOD?

Description

Time

  • Played on: Sept. 30, 2022, 5:07 p.m.
  • Length: 14:41

All games in this series

Show
View Real Time Build Order
Export as new Build Order

Cham Zerg - Winner!

Build Orders: Hatch First 

Get SALT Encoding   

  12  0:00  Drone  
  13  0:12  Overlord  
  13  0:17  Drone  
  14  0:33  Drone x2  
  16  0:48  Hatchery  
  15  0:52  Drone  
  15  0:55  Drone  
  17  0:59  Drone  
  18  1:12  Spawning Pool  
  18  1:14  Extractor  
  18  1:17  Drone  
  17  1:20  Drone  
  18  1:28  Drone  
  19  1:39  Drone  
  20  1:49  Drone  
  21  2:00  Queen x2  
  25  2:01  Drone  
  25  2:02  Overlord  
  26  2:12  Drone x2  
  28  2:22  Hatchery  
  28  2:27  Metabolic Boost  
  27  2:36  Queen  
  29  2:43  Baneling Nest  
  28  2:45  Zergling x2  
  28  2:47  Zergling x2  
  28  2:51  Overlord  
  30  2:56  Drone x2  
  32  3:04  Drone  
  34  3:05  Zergling x2  
  34  3:08  Overlord  
  34  3:13  Drone x2  
  36  3:20  Zergling x4  
  36  3:23  Drone x2  
  36  3:26  Drone  
  41  3:31  Drone  
  42  3:34  Overlord  
  42  3:35  Drone  
  42  3:36  Baneling x2  
  42  3:37  Baneling  
  42  3:38  Baneling  
  42  3:41  Zergling x2  
  44  3:43  Zergling x2  
  45  3:51  Queen  
  45  3:52  Drone x2  
  47  3:56  Drone x2  
  47  4:00  Zergling x4  
  48  4:03  Drone  
  48  4:04  Drone  
  48  4:08  Drone  
  48  4:09  Drone x2  
  53  4:11  Zergling x2  
  53  4:14  Zergling x4  
  56  4:20  Zergling x2  
  56  4:21  Zergling x6  
  56  4:23  Drone x2  
  59  4:37  Drone x5  
  59  4:38  Drone  
  63  4:40  Lair  
  63  4:43  Roach Warren  
  63  4:44  Baneling x2, Drone x2  
  63  4:48  Zergling x2  
  63  4:51  Zergling x2  
  63  4:52  Overlord  
  65  4:57  Overlord  
  65  5:00  Extractor  
  65  5:01  Extractor  
  65  5:02  Overlord  
  65  5:06  Drone x2  
  65  5:09  Extractor  
  65  5:10  Drone x2  
  65  5:11  Drone x2, Evolution Chamber  
  65  5:12  Drone x2  
  65  5:13  Drone x2  
  71  5:16  Drone x3  
  71  5:19  Overlord  
  74  5:25  Roach  
  74  5:28  Roach x2  
  80  5:30  Extractor  
  80  5:31  Extractor  
  78  5:36  Roach  
  78  5:39  Glial Reconstitution, Zerg Missile Weapons Level 1  
  78  5:40  Roach  
  78  5:42  Roach, Overlord x2  
  84  5:44  Roach  
  84  5:49  Zergling x4, Baneling x2  
  88  5:50  Zergling x6  
  88  5:55  Roach x2  
  94  5:58  Roach  
  94  6:03  Roach x2  
  99  6:09  Roach  
  99  6:10  Roach  
  97  6:15  Roach x4  
  97  6:17  Roach x2  
  105  6:18  Roach x2  
  105  6:20  Roach  
  105  6:23  Roach  
  97  6:27  Roach x2  
  97  6:30  Roach  
  89  6:35  Roach  
  89  6:38  Roach x2  
  95  6:45  Roach x3  
  90  6:52  Roach  
  79  6:55  Roach  
  79  6:59  Roach  
  75  7:03  Roach  
  75  7:07  Roach  
  76  7:12  Roach  
  75  7:17  Drone x3  
  75  7:22  Roach  
  78  7:23  Roach  
  80  7:32  Roach  
  80  7:35  Roach  
  84  7:40  Roach  
  82  7:44  Roach  
  82  7:46  Zergling x4  
  69  8:02  Roach x3  
  71  8:09  Roach  
  71  8:12  Roach  
  59  8:19  Zergling x4, Roach  
  57  8:22  Roach  
  57  8:27  Drone x2  
  59  8:39  Roach x2  
  63  8:52  Roach x2  
  67  9:02  Roach x2  
  70  9:15  Roach x2  
  71  9:18  Roach  
  73  9:24  Roach  
  73  9:28  Roach  
  77  9:33  Roach  
  79  9:42  Roach x2  
  81  9:49  Roach  
  79  9:54  Roach  
  83  10:00  Roach x2  
  85  10:13  Roach x2  
  89  10:27  Roach  
  85  10:29  Roach  
  85  10:32  Roach x2  
  77  10:41  Roach  
  63  10:47  Roach  
  59  10:56  Roach x2  
  55  11:03  Roach  
  49  11:04  Roach  
  49  11:07  Queen  
  49  11:08  Queen  
  51  11:18  Roach x2  
  55  11:25  Roach x2  
  57  11:37  Roach x2  
  61  11:40  Ravager  
  61  11:47  Roach x2  
  66  11:58  Roach  
  68  12:02  Roach  
  68  12:07  Roach  
  72  12:09  Roach  
  72  12:15  Roach x3  
  80  12:28  Roach  
  80  12:29  Roach  
  84  12:30  Roach  
  84  12:40  Roach Warren  
  77  12:54  Zergling x2  
  77  12:55  Zergling x8  
  82  13:04  Zergling x2  
  59  13:21  Roach x2  
  59  13:22  Roach x2  
  66  13:28  Roach x2  
  70  13:38  Roach x2  
  74  13:49  Roach  
  74  13:50  Roach  
  76  13:59  Roach  
  78  14:05  Roach  
  78  14:09  Roach x2  
  82  14:14  Roach x2  
  82  14:16  Roach x2  
Show
View Real Time Build Order
Export as new Build Order

eGGz Zerg 

Build Orders: Hatch First 

Get SALT Encoding   

  12  0:00  Drone  
  13  0:13  Overlord  
  13  0:16  Drone  
  14  0:32  Drone  
  14  0:34  Drone  
  16  0:37  Drone  
  17  0:51  Hatchery  
  17  0:54  Drone  
  17  0:59  Drone  
  18  1:07  Extractor  
  17  1:12  Spawning Pool  
  17  1:15  Drone  
  17  1:19  Drone  
  18  1:30  Drone  
  19  1:42  Overlord  
  19  1:50  Drone  
  20  1:59  Queen  
  22  2:02  Drone  
  22  2:04  Queen, Drone  
  26  2:09  Metabolic Boost  
  27  2:15  Zergling x4  
  27  2:22  Drone  
  29  2:25  Drone  
  30  2:35  Drone, Hatchery  
  30  2:42  Drone  
  31  2:46  Baneling Nest  
  31  2:47  Drone  
  31  2:56  Drone x2  
  33  3:04  Overlord  
  33  3:09  Zergling x4  
  33  3:10  Zergling x2  
  36  3:16  Evolution Chamber  
  36  3:18  Overlord  
  36  3:19  Drone  
  36  3:22  Drone  
  36  3:23  Drone x3  
  40  3:30  Baneling  
  40  3:33  Drone x2  
  42  3:39  Roach Warren  
  41  3:43  Zerg Ground Armor Level 1  
  40  3:52  Zergling x4  
  40  3:53  Zergling x2  
  42  3:55  Queen, Extractor  
  42  4:01  Drone  
  42  4:02  Drone  
  45  4:03  Overlord  
  45  4:08  Baneling x3  
  45  4:16  Overlord  
  45  4:17  Zergling x2  
  46  4:25  Roach x2  
  48  4:36  Drone  
  48  4:40  Roach x3  
  48  4:42  Overlord  
  54  4:47  Drone x2  
  54  4:48  Drone x2  
  58  4:56  Zergling x2, Roach x2  
  58  4:57  Zergling x6  
  66  5:04  Overlord  
  66  5:13  Roach x4  
  66  5:14  Roach x2  
  77  5:21  Roach  
  77  5:23  Zergling x4, Overlord  
  81  5:33  Overlord  
  81  5:34  Zergling x4, Roach x2  
  87  5:40  Zergling x4  
  87  5:41  Baneling x2  
  87  5:42  Baneling  
  88  5:43  Zergling x2  
  89  5:50  Zergling x10  
  89  5:51  Zergling x2  
  89  5:52  Baneling  
  89  5:53  Baneling  
  93  5:58  Zergling x6  
  93  6:02  Baneling  
  93  6:03  Zergling x4, Baneling  
  97  6:04  Zergling x2  
  87  6:23  Zergling x14  
  91  6:27  Zergling x4  
  91  6:28  Zergling x2  
  91  6:29  Ravager  
  92  6:37  Zergling x10  
  95  6:45  Ravager  
  95  6:46  Roach x3  
  69  7:03  Roach x4  
  65  7:09  Extractor  
  62  7:17  Roach x3  
  62  7:21  Roach  
  69  7:24  Spine Crawler  
  67  7:31  Roach x2  
  69  7:39  Roach x3  
  69  7:46  Roach x2  
  69  7:50  Zergling x16  
  69  7:53  Zergling x2, Roach x2  
  69  8:03  Roach x3  
  60  8:14  Roach x2  
  60  8:15  Roach  
  60  8:19  Zergling x4  
  67  8:20  Zergling x2  
  64  8:27  Roach x2  
  64  8:28  Roach  
  70  8:34  Queen  
  70  8:40  Drone  
  71  8:49  Roach x5  
  79  9:00  Roach x3  
  85  9:06  Drone x3  
  87  9:16  Roach x3  
  91  9:22  Zergling x4  
  91  9:24  Queen  
  93  9:33  Roach x3  
  99  9:41  Roach  
  99  9:44  Roach  
  99  9:45  Roach  
  93  9:47  Roach, Ravager  
  85  9:54  Roach  
  85  9:55  Roach x3  
  91  10:01  Roach, Ravager  
  91  10:02  Roach  
  91  10:06  Roach  
  98  10:07  Roach  
  100  10:17  Roach x3  
  76  10:37  Roach x4  
  76  10:41  Roach  
  73  10:45  Zergling x8  
  71  10:55  Zergling x6  
  64  11:07  Zergling x2  
  64  11:08  Zergling x2  
  68  11:18  Zergling x8  
  64  11:27  Ravager x2  
  64  11:29  Zergling x2, Ravager  
  68  11:36  Zergling x2  
  68  11:37  Zergling x2  
  68  11:39  Zergling x2  
  71  11:47  Ravager  
  71  11:49  Zergling x4  
  71  11:53  Roach  
  74  12:01  Ravager  
  75  12:02  Roach  
  77  12:13  Roach x2  
  81  12:16  Ravager  
  81  12:18  Roach  
  84  12:29  Roach  
  83  12:30  Roach  
  83  12:35  Roach  
  81  12:38  Ravager  
  82  12:47  Zergling x6  
  75  12:54  Roach  
  76  13:02  Zergling x4  
  74  13:12  Roach x2  
  44  13:20  Roach  
  44  13:25  Roach x2  
  38  13:30  Roach x2  
  40  13:38  Roach  
  41  13:41  Ravager x2  
  39  13:50  Ravager  
  39  13:51  Roach  
  39  13:52  Roach  
  43  14:01  Roach  
  43  14:02  Roach  
  47  14:05  Ravager  
  48  14:15  Roach x2  
  50  14:20  Roach  
  52  14:32  Ravager  
Tags
 
Add a new tag
Caveats
  • Supply blocks, unpowered buildings, or Contaminate may cause inaccurate times.
  • Supply counts are checked every 10 seconds.